 Dungeon Crawl Stone Soup version 0.19.4-9-g45fd643 (webtiles) character file.

75 Maelstr0m the Shield-Bearer (level 4, 52/55 HPs)
             Began as a Formicid Fighter on Feb 22, 2017.
             Quit the game on level 2 of the Dungeon.
             The game lasted 00:04:27 (1108 turns).

Maelstr0m the Shield-Bearer (Formicid Fighter)      Turns: 1108, Time: 00:04:28

Health: 52/55      AC: 22    Str: 22    XL:     4   Next: 55%
Magic:  4/4        EV:  2    Int:  7    God:
Gold:   44         SH: 10    Dex: 15    Spells: 0 memorised, 3 levels left

rFire  . . .     SeeInvis .     a - +0 war axe
rCold  . . .     Gourm    .     (armour currently unavailable)
rNeg   + + +     Faith    .     c - +0 shield
rPois  +         Spirit   .     (helmet unavailable)
rElec  .         Reflect  .     (cloak currently unavailable)
rCorr  .         Harm     .     (gloves currently unavailable)
MR     .....                    (boots currently unavailable)
Stlth  ++........               (no amulet)
                                (no ring)
                                (no ring)

@: agile, tree-form, very slightly contaminated, invisible
A: permanent stasis, dig shafts and tunnels, four strong arms, (antennae 0)
a: no special abilities


You were on level 2 of the Dungeon.
You were not hungry.
You were a tree.
You visited 1 branch of the dungeon, and saw 2 of its levels.

You collected 44 gold pieces.

Inventory:

Hand Weapons
 a - a +0 war axe (weapon)
 i - a +0 hunting sling
Missiles
 h - 8 tomahawks (quivered)
 j - 21 sling bullets
Armour
 b - a +0 scale mail (melded)
 c - a +0 shield (worn)
Scrolls
 e - a scroll of magic mapping {unknown}
 g - 3 scrolls of teleportation {unknown}
 k - a scroll of identify {unknown}
 p - a scroll of fear {unknown}
Potions
 d - a potion of might
Comestibles
 f - 2 bread rations
 o - a chunk of flesh


   Skills:
 + Level 3.9 Fighting
 * Level 3.3 Axes
 + Level 3.7 Armour
 + Level 4.0 Shields


You had 3 spell levels left.
You didn't know any spells.

Dungeon Overview and Level Annotations

Branches:
Dungeon (2/15)

Altars:
Ru


Innate Abilities, Weirdness & Mutations

You are under a permanent stasis effect.
You can dig through walls and to a lower floor.
Your four strong arms can wield two-handed weapons with a shield.
((You have a pair of large antennae on your head. (SInv)))


Message History

You kill the frilled lizard!
You closely miss the jackal. You block the jackal's attack.
You slash the jackal!
You kill the jackal!
Items here: ) [ †† a dagger; a robe; a jackal corpse; a goblin corpse
There is a sacrificial altar of Ru here.
You are not religious.
Unknown command.
Press < or > to pray at altars.
You kneel at the altar of Ru.
It was a potion of invisibility.
You fade into invisibility!
You are very lightly contaminated with residual magic.
It was a potion of lignification.
You turn into a tree.
Your +0 scale mail melds into your body.
Your roots penetrate the ground.
It was a potion of agility.
You feel agile all of a sudden.
Are you sure you want to abandon this character and quit the game? (Confirm with "yes".)

#.#......#.#.####.#
#######.#.####..###.###.#
........#.####.## ##....#
###.............###.###..
#.+#######'..#.#.## #.# #
#...#..)#.....##
#...#...#.#####
#.......### ###.♣.###
#.......# #...#...#
#...#...# +#######+


There were no monsters in sight!

Vanquished Creatures
  An orc wizard (D:2)
  An adder (D:2)
  An ooze (D:1)
  3 bats
  2 giant cockroaches (D:1)
  3 goblins
  6 hobgoblins (D:1)
  3 jackals
  A ball python (D:1)
  2 frilled lizards (D:2)
  6 kobolds
  4 rats (D:1)
33 creatures vanquished.

Notes
Turn   | Place    | Note
-------+----------+-------------------------------------------
     0 | D:1      | Maelstr0m the Formicid Fighter began the quest for the Orb.
     0 | D:1      | Reached XP level 1. HP: 18/18 MP: 1/1
   108 | D:1      | Reached XP level 2. HP: 19/24 MP: 2/2
   398 | D:1      | Reached XP level 3. HP: 25/29 MP: 3/3
  1090 | D:2      | Found a sacrificial altar of Ru.
  1097 | D:2      | Reached skill level 4 in Shields
  1097 | D:2      | Reached XP level 4. HP: 33/37 MP: 4/4
  1108 | D:2      | Quit the game

Skill      XL: |  1  2  3 |
---------------+----------+-----
Axes           | 3 |  3.3
Shields        | 4 |  4.0
Fighting       | |  3.9
Armour         | |  3.7

Action                   |  1- 3 |  4- 6 || total
-------------------------+-------+-------++-------
Melee: War axe           |    84 |     3 ||    87
  Use: Potion            |       |     3 ||     3
 Stab: Invisible         |       |     1 ||     1
  Eat: Chunk             |     1 |       ||     1
Armor: Scale mail        |    44 |     1 ||    45
Dodge: Dodged            |    18 |       ||    18
Block: Shield            |    42 |     1 ||    43
